 Dungeon Crawl Stone Soup version 0.31.0-11-ge490571c62 (webtiles) character file.

Game seed: 10560133480123821390

1302 nightchill the Cleaver (level 8, 74/74 HPs)
             Began as a Minotaur Fighter on Jan 27, 2024.
             Was a Priest of Kikubaaqudgha.
             Quit the game on level 6 of the Dungeon.
             The game lasted 00:08:13 (4705 turns).

nightchill the Cleaver (Minotaur Fighter)           Turns: 4705, Time: 00:08:13

Health: 74/74      AC:  9    Str: 24    XL:     8   Next: 31%
Magic:  7/7        EV: 13    Int:  5    God:    Kikubaaqudgha [***...]
Gold:   396        SH:  9    Dex:  9    Spells: 7/7 levels left

rFire   . . .        a - +0 war axe
rCold   . . .        c - +0 buckler
rNeg    + . .        p - +0 chain mail
rPois   .            (helmet restricted)
rElec   .            (no cloak)
rCorr   .            (no gloves)
SInv    .            (no boots)
Will    .....        z - amulet of reflection Stlth
                     m - +5 ring of evasion
HPRegen 0.32/turn    w - ring of positive energy
MPRegen 0.10/turn

%: reflection
@: no status effects
A: horns 2, retaliatory headbutt
a: Renounce Religion, Unearth Wretches


You were on level 6 of the Dungeon.
You worshipped Kikubaaqudgha.
Kikubaaqudgha was most pleased with you.
You visited 1 branch of the dungeon, and saw 6 of its levels.

You collected 396 gold pieces.

Inventory:

Hand Weapons
 a - a +0 war axe (weapon)
Missiles
 j - 7 atropa-tipped darts (quivered)
Armour
 c - a +0 buckler (worn)
 p - a +0 chain mail (worn)
Jewellery
 m - a +5 ring of evasion (left hand)
 w - a ring of positive energy (right hand)
 z - an amulet of reflection (around neck)
Wands
 v - a wand of polymorph (6)
Scrolls
 d - a scroll of revelation {unknown}
 i - 8 scrolls of identify {unknown}
 n - a scroll of teleportation {unknown}
 o - 2 scrolls of amnesia {unknown}
 q - a scroll of vulnerability {unknown}
 r - a scroll of blinking {unknown}
 s - a scroll of enchant armour {unknown}
 t - a scroll of enchant weapon {unknown}
 u - a scroll of poison {unknown}
 x - a scroll of fog {unknown}
 y - 2 scrolls of noise {unknown}
Potions
 b - a potion of resistance {unknown}
 e - 3 potions of haste {unknown}
 f - a potion of ambrosia {unknown}
 g - 3 potions of curing {unknown}
 h - 3 potions of heal wounds {unknown}
 k - a potion of cancellation {unknown}
 l - a potion of mutation {unknown}


   Skills:
 + Level 7.9 Fighting
 * Level 10.1 Axes
 - Level 3.6 Armour
 - Level 3.6 Shields


You had 7 spell levels left.
You didn't know any spells.
Your spell library contained the following spells:

 Spells                   Type           Power      Damage    Failure   Level
 Apportation              Tloc           0%         N/A       98%         1
 Kiss of Death            Conj/Necr      0%         2d5       98%         1
 Sandblast                Erth           0%         2d4       98%         1
 Jinxbite                 Hex            0%         N/A       99%         2
 Lesser Beckoning         Tloc           0%         N/A       99%         2
 Sublimation of Blood     Necr           0%         N/A       99%         2
 Call Canine Familiar     Summ           0%         N/A       100%        3
 Gell's Gravitas          Tloc           0%         N/A       100%        3
 Passwall                 Erth           0%         N/A       100%        3
 Sigil of Binding         Hex            0%         N/A       100%        3
 Stone Arrow              Conj/Erth      0%         3d7       100%        3
 Summon Ice Beast         Ice/Summ       0%         N/A       100%        3
 Teleport Other           Tloc           0%         N/A       100%        3
 Vampiric Draining        Necr           0%         2d6       100%        3
 Animate Dead             Necr           0%         N/A       100%        4
 Brom's Barrelling Bould  Conj/Erth      0%         2d3       100%        4
 Dimensional Bullseye     Hex/Tloc       0%         N/A       100%        4
 Dispel Undead            Necr           0%         3d6       100%        4
 Petrify                  Alch/Erth      0%         N/A       100%        4
 Alistair's Intoxication  Alch           0%         N/A       100%        5
 Borgnjor's Vile Clutch   Necr/Erth      0%         N/A       100%        5
 Curse of Agony           Necr           0%         N/A       100%        5
 Irradiate                Conj/Alch      0%         3d11      100%        5
 Summon Mana Viper        Hex/Summ       0%         N/A       100%        5
 Death Channel            Necr           0%         N/A       100%        6
 Monstrous Menagerie      Summ           0%         N/A       100%        7


Dungeon Overview and Level Annotations

Branches:
Dungeon (6/15)
 Temple: D:4-7

Altars:
Ashenzari
Elyvilon
Hepliaklqana
Kikubaaqudgha
The Shining One

Shops:
D:4 =


Innate Abilities, Weirdness & Mutations

You have a pair of horns on your head.
You reflexively headbutt those who attack you in melee.


Message History

The adder is severely wounded.
The adder closely misses you. You furiously retaliate!
You headbutt the adder. You slash the adder!
You kill the adder!
Kikubaaqudgha accepts your kill.
No target in view!
You see here an adder corpse.
You see here an adder corpse.
An adder comes into view.
Found a ring mail.
The adder hisses angrily.
An adder is nearby!
An adder is nearby!
You block the adder's attack.
You closely miss the adder. The adder bites you but does no damage.
You closely miss the adder. Your headbutt misses the adder.
You block the adder's attack.
You closely miss the adder. The adder misses you. You furiously retaliate!
You headbutt the adder! You block the adder's attack.
You slash the adder!
You kill the adder!
Kikubaaqudgha accepts your kill.
No target in view!
No target in view!
d - a scroll labelled UQAOSASTITH Could not explore, unopened door.
Could not explore, unopened door.
You open the door.
There is an open door here.
j - 7 atropa-tipped darts (gained 4)
There is an open door here.
Could not explore, unopened door.
No target in view!
No target in view!
No target in view!
Could not explore, unopened door.
Could not explore, unopened door.
Could not explore, unopened door.
Search for what [Enter for "."]? .
Are you sure you want to abandon this character and quit the game? (Confirm with "yes".)

#.#.# #...#.#..##. # #.#..
#.#.#.#..... . #.### #.#.#.#.....
#########. #.######.#.#.#.....
........#.#####^....##.#...#.#...
........#........##.##.#######...
........#........# #.#...# ####
........#........# #.#.#.#
........#.......@+ #.#.#.#
........#........# #.#.#.#
........#........# #...#.#
#####.###........# #####'# #.#
#........# #.# #.#
#........#########.#
#.########..........##.#
#........'..........'..#
##########..........#########


There were no monsters in sight!

Vanquished Creatures
  A water moccasin (D:5)
  2 orc warriors (D:6)
  A bullfrog (D:6)
  A scorpion (D:5)
  6 wights (D:6)
  A bombardier beetle (D:4)
  2 jellies
  3 orc priests
  4 hounds
  An iguana (D:4)
  3 orc wizards
  A gnoll (D:1)
  9 adders
  2 ufetubi (D:6)
  2 dart slugs
  2 ribbon worms
  15 orcs
  4 endoplasms
  2 giant cockroaches
  8 goblins
  7 hobgoblins
  4 kobolds
  A quokka (D:1)
  9 ball pythons
  5 bats
  3 frilled lizards
  5 rats
  A spectral goblin (D:3)
105 creatures vanquished.

Notes
Turn   | Place    | Note
-------+----------+-------------------------------------------
     0 | D:1      | nightchill the Minotaur Fighter began the quest for the
                  | Orb.
     0 | D:1      | Reached XP level 1. HP: 19/19 MP: 0/0
   173 | D:1      | Reached skill level 3 in Axes
   182 | D:1      | Reached XP level 2. HP: 27/27 MP: 1/1
   581 | D:1      | Reached XP level 3. HP: 31/33 MP: 2/2
   968 | D:1      | Found a faded altar of an unknown god.
   977 | D:1      | Prayed at the altar of an unknown god.
   977 | D:1      | Became a worshipper of Kikubaaqudgha
   977 | D:1      | Reached * piety under Kikubaaqudgha
   977 | D:1      | Received a gift from Kikubaaqudgha
  1106 | D:2      | Reached skill level 4 in Axes
  1570 | D:3      | Reached XP level 4. HP: 41/41 MP: 3/3
  1590 | D:3      | Identified the +2 falchion of a wizard's laboratory {heavy,
                  | *Slow rElec rN+++ Int-3}
  1757 | D:3      | Found a hazy altar of Hepliaklqana.
  1886 | D:3      | Reached skill level 5 in Axes
  2252 | D:4      | Reached skill level 5 in Fighting
  2252 | D:4      | Reached XP level 5. HP: 45/48 MP: 4/4
  2323 | D:4      | Reached ** piety under Kikubaaqudgha
  2618 | D:4      | Found Eteraki's Jewellery Shoppe.
  2873 | D:4      | Found a white marble altar of Elyvilon.
  3028 | D:4      | Reached skill level 6 in Axes
  3059 | D:5      | Entered Level 5 of the Dungeon
  3124 | D:5      | Reached XP level 6. HP: 56/56 MP: 5/5
  3156 | D:5      | Found a broken altar of Ashenzari.
  3160 | D:5      | Noticed a water moccasin
  3167 | D:5      | Killed a water moccasin
  3168 | D:5      | Reached skill level 7 in Axes
  3365 | D:5      | Reached XP level 7. HP: 63/63 MP: 6/6
  3660 | D:5      | Found a glowing golden altar of the Shining One.
  3764 | D:6      | Reached skill level 8 in Axes
  3995 | D:6      | Reached *** piety under Kikubaaqudgha
  3995 | D:6      | Received a gift from Kikubaaqudgha
  3996 | D:6      | Reached skill level 9 in Axes
  4003 | D:6      | HP: 2/66 [orc warrior/+0 trident (2)]
  4013 | D:6      | Reached XP level 8. HP: 6/73 MP: 7/7
  4338 | D:6      | Reached skill level 10 in Axes
  4705 | D:6      | Quit the game

Illustrated notes

Levels and vault maps discovered:
D:1:      moated_graveyard_arrival, layout_basic,
          dreamdust_ecumenical_altar_hidden_monk_grotto
D:2:      layout_basic
D:3:      layout_basic, nicolae_hepliaklqana_monster_ancestors,
          kennysheep_generic_room_2
D:4:      layout_loops_ring, nicolae_elyvilon_temple_path, serial_shops, shop,
          nrook_loot_triangle, corexii_item_surrounded_by_moat
D:5:      layout_rooms, tso_altar, ashenzari_altar_1, serial_glass,
          glass_columns_c, glass_columns_a,
          serial_library_hellmonk_recessed_alcove
D:6:      layout_basic, grunt_temple_overflow_opulence, roderic_serpentine_path

Skill      XL: |  1  2  3  4  5  6  7  8 |
---------------+-------------------------+-----
Axes           | 3 4 5 6 7 9 10 | 10.1
Fighting       | 4 5 6 7 |  7.9
Armour         | |  3.6
Shields        | |  3.6

Action                     |  1- 3 |  4- 6 |  7- 9 || total
---------------------------+-------+-------+-------++-------
  Melee: War axe           |    62 |   103 |    95 ||   260
         Headbutt          |     9 |    11 |    11 ||    31
    Use: Potion            |       |       |     1 ||     1
 Armour: Scale mail        |    24 |       |       ||    24
         Chain mail        |    18 |    53 |    45 ||   116
  Dodge: Dodged            |    27 |    64 |    45 ||   136
  Block: Buckler           |     9 |    24 |    47 ||    80
